 Dungeon Crawl Stone Soup version 0.23-a0-413-g57a8110 (webtiles) character file.

63 Dmuffinman the Grasshopper (level 3, 0/30 HPs)
             Began as a Draconian Warper on Nov 8, 2018.
             Slain by a worm (7 damage)
             ... on level 2 of the Dungeon.
             The game lasted 00:16:48 (2190 turns).

Dmuffinman the Grasshopper (Draconian Warper)       Turns: 2190, Time: 00:16:49

Health: 0/30       AC:  5    Str: 12 (14) XL:     3   Next: 89%
Magic:  6/6        EV: 12    Int: 10 (13) God:
Gold:   111        SH:  0    Dex:  8 (10) Spells: 2/6 levels left

rFire    . . .     SeeInvis .   a - +0 falchion
rCold    . . .     Gourm    .   (no shield)
rNeg     . . .     Faith    .   (armour unavailable)
rPois    .         Spirit   .   (helmet restricted)
rElec    .         Reflect  .   (no cloak)
rCorr    .         Harm     .   (no gloves)
MR       .....                  (no boots)
Stlth    +.........             n - amulet of magic regeneration
HPRegen  0.10/turn              (no ring)
MPRegen  0.35/turn              (no ring)

@: no status effects
A: unfitting armour, cold-blooded, AC +5
a: no special abilities


You were on level 2 of the Dungeon.
You were not hungry.

You visited 1 branch of the dungeon, and saw 3 of its levels.

You collected 111 gold pieces.

Inventory:

Hand Weapons
 a - a +0 falchion (weapon)
Missiles
 d - 5 tomahawks of dispersal (quivered)
Jewellery
 i - an uncursed ring of wizardry
 n - an amulet of magic regeneration (around neck)
Scrolls
 b - 2 scrolls of remove curse
 c - a scroll of blinking
 e - 3 scrolls of identify {unknown}
 h - a scroll of enchant armour {unknown}
 j - a scroll of magic mapping {unknown}
 m - a scroll of teleportation {unknown}
 p - a scroll of enchant weapon {unknown}
 r - a scroll of fog {unknown}
Potions
 g - a potion of ambrosia {unknown}
 k - 2 potions of degeneration
 l - 2 potions of haste {unknown}
 o - 2 potions of brilliance {unknown}
 s - a potion of lignification {unknown}
Comestibles
 f - 6 rations
 q - 4 chunks of flesh


   Skills:
 + Level 2.5 Fighting
 * Level 2.9 Long Blades
 + Level 0.8 Throwing
 + Level 2.8 Dodging
 + Level 0.3 Stealth
 + Level 2.1 Spellcasting
 * Level 0.2 Charms
 * Level 3.2 Translocations


You had 2 spell levels left.
You knew the following spells:

 Your Spells              Type           Power        Failure   Level  Hunger
a - Shroud of Golubria    Chrm/Tloc      #.........   22%         2    ###....
b - Blink                 Tloc           N/A          12%         2    ###....

Your spell library contained the following spells:

 Spells                   Type           Power        Failure   Level  Hunger
 Gell's Gravitas          Tloc           #.........   24%         3    ####...
 Lesser Beckoning         Tloc           #.........   24%         3    ####...
 Teleport Other           Tloc           #.......     24%         3    ####...
 Passage of Golubria      Tloc           N/A          63%         4    #####..


Dungeon Overview and Level Annotations

Branches:
Dungeon (3/15)

Altars:


Innate Abilities, Weirdness & Mutations

Your plain brown scales are hard. (AC +5)
You cannot fit into any form of body armour.
You are cold-blooded and may be slowed by cold attacks.


Message History

The worm is heavily wounded.
The worm bites you!
You barely miss the worm.
The worm is heavily wounded.
The worm bites you.
You barely miss the worm.
The worm is heavily wounded.
The worm bites you!
* * * LOW HITPOINT WARNING * * *
You hit the worm.
Your tail-slap misses the worm.
The worm is severely wounded.
There is an open door here.
You barely miss the worm.
The worm is severely wounded.
Some of the chunks of flesh in your inventory have rotted away.
It was a potion of degeneration.
There was something very wrong with that liquid.
You feel weakened.
You feel dopey.
You feel clumsy. The worm bites you!
You die...

# ###.# ##.....## ##.## # #..#
##.......## #..## #####...#
#.........####...## ..........
+.........'.......#
#####...####.........####...#####
#..## #.......# #..รท...#. #.##
#)....######.#....#. #.#
#.w.#............## #.#
##@##.######....(.# #.# #.##.#
#....... #.# #.##.######.##.###
#^# #####.##...........# #.#
####......#..##.##..### #)#
#...........<.......#
#.###.##.##...##.##.###.#
#.........#..###.##.# #.#
#####.##............# #.#


You could see a worm.

Vanquished Creatures
  A worm (D:2)
  3 dart slugs
  A leopard gecko (D:1)
  A giant cockroach (D:2)
  8 goblins
  6 hobgoblins
  6 jackals
  2 quokkas (D:2)
  2 ball pythons (D:1)
  3 bats (D:2)
  4 frilled lizards
  8 kobolds
  3 rats
48 creatures vanquished.

Notes
Turn   | Place    | Note
-------+----------+-------------------------------------------
     0 | D:1      | Dmuffinman the Draconian Warper began the quest for the
                  | Orb.
     0 | D:1      | Reached XP level 1. HP: 17/17 MP: 3/3
    59 | D:1      | Reached XP level 2. HP: 15/24 MP: 5/5
  1030 | D:1      | Reached XP level 3. HP: 30/30 MP: 6/6
  1032 | D:1      | Upgraded the game from 0.23-a0-407-g92528d7 to
                  | 0.23-a0-413-g57a8110
  1046 | D:1      | Learned a level 2 spell: Shroud of Golubria
  1049 | D:1      | Learned a level 2 spell: Blink
  2190 | D:2      | Slain by a worm

Vault maps used:
D:1:      elethiomel_arrival_maze
D:2:      serial_bayou, serial_bayou_pond_e, serial_bayou_pond_b,
          serial_bayou_pond_c, serial_bayou_pond_c, supply_closet_lemuel

Action                   || total
-------------------------++-------
Melee: Falchion          ||   199
       Tailslap          ||    22
 Cast: Shroud of Golubri ||     2
       Blink             ||     1
  Use: Scroll            ||     1
       Potion            ||     1
 Stab: Sleeping          ||     1
  Eat: Chunk             ||     5
Armor: Skin              ||    51
Dodge: Dodged            ||   118
       Rpst.: Falchion   ||    34

Table legend:
 A = Non-vault XP
 B = Vault XP
 C = Vault XP percentage of total XP
 D = Non-vault monster count
 E = Vault monster count
 F = Vault count percentage of total count
                 A         B        C        D         E       F
            +---------+---------+-------+---------+---------+-------
      Total |      87 |       4 |   4.4 |      46 |       2 |   4.2
            +---------+---------+-------+---------+---------+-------
        D:1 |      45 |       0 |   0.0 |      25 |       0 |   0.0
        D:2 |      42 |       4 |   8.7 |      21 |       2 |   8.7
            +---------+---------+-------+---------+---------+-------
